 Dungeon Crawl Stone Soup version 0.29.0-10-g45618ea6d2 (webtiles) character file.

Game seed: 13671106190086441703

59 SensoryNuts the Trooper (level 3, -4/29 HPs)
             Began as a Demonspawn Fighter on Sept 2, 2022.
             Slain by a gnoll
             ... wielding a +0 halberd
              (9 damage)
             ... on level 2 of the Dungeon.
             The game lasted 00:00:55 (1279 turns).

SensoryNuts the Trooper (Demonspawn Fighter)        Turns: 1279, Time: 00:00:56

Health: -4/29      AC: 11    Str: 15 (16) XL:     3   Next: 78%
Magic:  3/3        EV:  4    Int:  8 (9)  God:
Gold:   106        SH:  4    Dex: 12 (14) Spells: 2/2 levels left

rFire   . . .      SeeInvis .   a - +0 long sword
rCold   . . .      Faith    .   c - +0 buckler
rNeg    . . .      Spirit   .   l - +0 plate armour
rPois   .          Reflect  .   (helmet restricted)
rElec   .          Harm     .   (no cloak)
rCorr   .          Rampage  .   (no gloves)
Will    .....                   (no boots)
Stlth   ..........              (no amulet)
HPRegen 0.09/turn               (no ring)
MPRegen 0.08/turn               (no ring)

@: mighty
A: antennae 1, powered by pain 1
a: no special abilities


You were on level 2 of the Dungeon.
You visited 1 branch of the dungeon, and saw 2 of its levels.

You collected 106 gold pieces.

Inventory:

Hand Weapons
 a - a +0 long sword (weapon)
Armour
 c - a +0 buckler (worn)
 l - a +0 plate armour (worn)
Scrolls
 b - a scroll of enchant weapon {unknown}
 e - 3 scrolls of butterflies {unknown}
 g - a scroll of identify {unknown}
 i - a scroll of brand weapon {unknown}
 j - a scroll of summoning {unknown}
Potions
 f - a potion of curing
 h - a potion of degeneration
 k - a potion of heal wounds {unknown}


   Skills:
 + Level 3.6 Fighting
 * Level 2.6 Long Blades
 + Level 3.0 Armour
 + Level 0.1 Dodging
 + Level 3.0 Shields


You had 2 spell levels left.
You didn't know any spells.
Your spell library contained the following spells:

 Spells                   Type           Power      Damage    Failure   Level
 Sublimation of Blood     Necr           0%         N/A       100%        2
 Wereblood                Tmut           0%         N/A       100%        2
 Confusing Touch          Hex            0%         N/A       100%        3
 Summon Guardian Golem    Hex/Summ       0%         N/A       100%        3
 Yara's Violent Unravell  Hex/Tmut       0%         3d3       100%        5
 Enfeeble                 Hex            0%         N/A       100%        7
 Orb of Destruction       Conj           0%         9d5       100%        7
 Spellforged Servitor     Conj/Summ      0%         N/A       100%        7
 Summon Hydra             Summ           0%         N/A       100%        7


Dungeon Overview and Level Annotations

Branches:
Dungeon (2/15)

Altars:

Shops:
D:2 [


Innate Abilities, Weirdness & Mutations

You have a pair of small antennae on your head.
You sometimes gain a little power by taking damage.


Message History

The gnoll closely misses you. The gnoll hits you but does no damage.
You barely miss the gnoll.
The gnoll is moderately wounded.
The gnoll barely misses you. x2; You block the gnoll's attack.
You barely miss the gnoll.
The gnoll is moderately wounded.
The gnoll barely misses you. The gnoll hits you but does no damage.
The gnoll hits you from afar with a +0 halberd.
You barely miss the gnoll.
The gnoll is moderately wounded.
The gnoll hits you but does no damage. The gnoll hits you with a +0 flail!
You block the gnoll's attack.
You are too injured to fight recklessly!
You are too injured to fight recklessly!
You are too injured to fight recklessly!
The gnoll attacks as you move away! The gnoll hits you but does no damage.
You feel very mighty all of a sudden. The gnoll hits you but does no damage.
It was a potion of curing.
You feel better. The gnoll hits you with a +0 club.
Okay, then.
You slash the gnoll!
You kill the gnoll!
The gnoll hits you with a +0 flail.
You slash the gnoll!
The gnoll is severely wounded.
The gnoll hits you from afar with a +0 halberd!
The gnoll completely misses you.
You slash the gnoll!
You kill the gnoll!
The gnoll hits you from afar with a +0 halberd.
* * * LOW HITPOINT WARNING * * *
You block the gnoll's attack.
Things that are here:
a +0 flail; a +0 club; a gnoll corpse It was a potion of degeneration.
There was something very wrong with that liquid.
You feel weakened.
You feel dopey.
You feel clumsy. The gnoll hits you but does no damage.
You closely miss the gnoll. The gnoll hits you with a +0 halberd!
You die...

#......# #.....
####...# ####.....
##..# ##........
#..### ##.........
#[)..# #.....#.#.#
#.##.###.#.....#.#
#.##.##..#.......#
.
#.#.....##...###..
#.# #@#.###..#...#
#.. #...####g#.#
##.#...# ##.
#.$..#...# #.....#
# #∩.....# ##.####
# #..##..# #.# #
..... ##.# #.###
## #.#### ..#
#.... ###. [. #.#
####. #... . #..
.......##


You could see a gnoll.

Vanquished Creatures
  2 gnolls (D:2)
  2 adders (D:2)
  A dart slug (D:1)
  An endoplasm (D:2)
  4 goblins
  A hobgoblin (D:1)
  2 kobolds (D:1)
  A quokka (D:1)
  4 ball pythons
  3 bats
  A frilled lizard (D:1)
  A rat (D:1)
23 creatures vanquished.

Notes
Turn   | Place    | Note
-------+----------+-------------------------------------------
     0 | D:1      | SensoryNuts the Demonspawn Fighter began the quest for the
                  | Orb.
     0 | D:1      | Reached XP level 1. HP: 18/18 MP: 1/1
   214 | D:1      | Gained mutation: You sometimes gain a little power by
                  | taking damage. [demonic ancestry]
   214 | D:1      | Reached XP level 2. HP: 24/24 MP: 2/2
   346 | D:1      | Found a faded altar of an unknown god.
   941 | D:2      | Gained mutation: You have a pair of small antennae on your
                  | head. [demonic ancestry]
   941 | D:2      | Reached XP level 3. HP: 27/29 MP: 3/3
  1259 | D:2      | Found Ytucze's Armour Shoppe.
  1279 | D:2      | Slain by a gnoll

Illustrated notes

Levels and vault maps discovered:
D:1:      dpeg_arrival_connections, layout_rooms,
          chequers_ecumenical_altar_island
D:2:      layout_rooms, serial_shops, shop

Skill      XL: |  1  2 |
---------------+-------+-----
Long Blades    | 2 |  2.6
Armour         | 3 |  3.0
Shields        | 3 |  3.0
Fighting       | |  3.6
Dodging        | |  0.1

Action                   || total
-------------------------++-------
Melee: Long sword        ||    84
  Use: Potion            ||     3
Armor: Scale mail        ||    42
       Plate armour      ||     9
Dodge: Dodged            ||    44
Block: Buckler           ||    24
